 Dungeon Crawl Stone Soup version 0.22.1-1-ga44c0e5 (webtiles) character file.

48 Starchild the Poker (level 3, -2/26 HPs)
             Began as a Merfolk Abyssal Knight on Sept 30, 2018.
             Was a Believer of Lugonu.
             Slain by an adder (4 damage)
             ... on level 2 of the Dungeon.
             The game lasted 00:04:28 (989 turns).

Starchild the Poker (Merfolk Abyssal Knight)         Turns: 989, Time: 00:04:28

Health: -2/26      AC:  5    Str: 13    XL:     3   Next: 72%
Magic:  5/5        EV: 18    Int: 13    God:    Lugonu [**....]
Gold:   80         SH:  0    Dex: 18    Spells: 2/2 levels left

rFire    . . .     SeeInvis .   a - +1 spear
rCold    . . .     Gourm    .   (no shield)
rNeg     . . .     Faith    .   b - +0 leather armour
rPois    .         Spirit   .   (no helmet)
rElec    .         Reflect  .   (no cloak)
rCorr    .         Harm     .   (no gloves)
MR       .....                  (no boots)
Stlth    ++........             (no amulet)
HPRegen  0.08/turn              i - ring of flight
MPRegen  0.09/turn              (no ring)

@: agile, lethally poisoned (-2 -> -5)
A: change form in water, swift swim, stealthy swim, iridescent scales 1, clever
1, frail 1
a: Depart the Abyss, Bend Space, Renounce Religion, Evoke Flight


You were on level 2 of the Dungeon.
You worshipped Lugonu.
Lugonu was pleased with you.
You were not hungry.

You visited 1 branch of the dungeon, and saw 2 of its levels.
You visited the Abyss 1 time.

You collected 80 gold pieces.

Inventory:

Hand Weapons
 a - a +1 spear (weapon)
Missiles
 h - 8 tomahawks (quivered)
 k - 2 stones
Armour
 b - a +0 leather armour (worn)
Jewellery
 i - a ring of flight (left hand)
Scrolls
 d - 3 scrolls of remove curse
 e - a scroll of identify
 g - a scroll of enchant weapon {unknown}
 j - a scroll of enchant armour {unknown}
 m - a scroll of random uselessness {unknown}
 n - a scroll of blinking {unknown}
Comestibles
 c - 2 rations


   Skills:
 - Level 3.2 Fighting
 + Level 4.5 Polearms
 - Level 0.6 Armour
 - Level 2.6 Dodging
 * Level 3.3 Invocations


You had 2 spell levels left.
You didn't know any spells.
Your spell library was empty.

Dungeon Overview and Level Annotations

Branches:
Dungeon (2/15)

Altars:


Innate Abilities, Weirdness & Mutations

You revert to your normal form in water.
You are very nimble and swift while swimming.
You are very stealthy in the water. (Stealth+)
You are partially covered in iridescent scales. (AC +2)
Your mind is acute. (Int +2)
You are frail. (-10% HP)


Message History

* * * LOW HITPOINT WARNING * * *
You feel sick. The adder bites you but does no damage.
The adder completely misses you.
You barely miss the adder.
The adder is moderately wounded.
The adder closely misses you.
You barely miss the adder.
The adder is moderately wounded.
The adder misses you.
You miss the adder.
The adder is moderately wounded.
The adder bites you but does no damage.
You barely miss the adder.
The adder is moderately wounded.
* * * LOW HITPOINT WARNING * * *
You feel sick. The adder completely misses you.
You miss the adder.
The adder is moderately wounded.
The adder bites you.
You die...

##...#...#.##
##..............
#............#..
#...)..........#
#...........##.#
##.........###.# ##
##...#...###..##....
####.####..##........
#.......#..S@.#
#.......##..>.####..
#.......###........#
#..)..........######
#.................#
#........##....##...
#######..##.#...# #
#.....##.... ......#
#.$...


You could see an adder.

Vanquished Creatures
  An adder (D:2)
  2 dart slugs (D:1)
  A leopard gecko (D:2)
  8 goblins
  5 hobgoblins
  3 jackals (D:1)
  A kobold (D:2)
  2 ball pythons (D:2)
  4 bats (D:1)
  A frilled lizard (D:1)
  3 rats (D:1)
31 creatures vanquished.

Notes
Turn   | Place    | Note
-------+----------+-------------------------------------------
     0 | Abyss:1  | Starchild the Merfolk Abyssal Knight began the quest for
                  | the Orb.
     0 | Abyss:1  | Reached XP level 1. HP: 18/18 MP: 2/2
    19 | D:1      | Escaped the Abyss
    69 | D:1      | Reached XP level 2. HP: 12/24 MP: 3/3
   469 | D:1      | Reached ** piety under Lugonu
   477 | D:1      | Reached XP level 3. HP: 25/29 MP: 5/5
   496 | D:1      | Reached skill level 4 in Polearms
   983 | D:2      | Gained mutation: You are frail. (-10% HP) [potion of
                  | mutation]
   983 | D:2      | Gained mutation: You are partially covered in iridescent
                  | scales. (AC +2) [potion of mutation]
   983 | D:2      | Gained mutation: Your mind is acute. (Int +2) [potion of
                  | mutation]
   989 | D:2      | Slain by an adder

Skill      XL: |  1  2  3 |
---------------+----------+-----
Invocations    | 3 |  3.3
Polearms       | 4 |  4.5
Fighting       | |  3.2
Armour         | |  0.6
Dodging        | |  2.6

Action                   || total
-------------------------++-------
Melee: Spear             ||   123
  Use: Scroll            ||     2
       Potion            ||     2
Armor: Leather armour    ||    28
Dodge: Dodged            ||    63
